Canucks vs Sabres
(R1)
Created - May 7, 2018 at 19:03
Goals
|
| Canucks |
0 |
0 |
2 |
0 |
2 |
| Sabres |
0 |
1 |
1 |
1 |
3 |
|
Shots
|
| Canucks |
4 |
12 |
12 |
0 |
28 |
| Sabres |
12 |
12 |
9 |
5 |
38 |
|
1st period
No Goal
Penalties :
Peter Prucha (Van) for Tripping (Minor) at 2:37
2nd period
1. Sabres , Ryan O'Reilly 1 (Brad Richardson 1, Ilya Kovalchuk 2) at 14:09
Penalties :
Robin Lehner (Buf) for Slashing (Minor) at 1:10 - Scottie Upshall served the penalty, Zach Bogosian (Buf) for Hooking (Minor) at 4:02, Zach Bogosian (Buf) for Hooking (Minor) at 14:51
3rd period
2. Canucks , Nik Antropov 1 (Shaone Morrisonn 1) at 1:46
3. Canucks , Alex Goligoski 1 (Danny DeKeiser 1, Clarke MacArthur 1) at 3:07 (PP)
4. Sabres , Evander Kane 1 (Zach Bogosian 2, Jared Cowen 1) at 6:33 (PP)
Penalties :
Brad Richardson (Buf) for High sticking (Minor) at 3:02, Ben Lovejoy (Van) for Hooking (Minor) at 5:15, Robin Lehner (Buf) for Slashing (Minor) at 7:05 - Andrei Loktionov served the penalty
Overtime #1
5. Sabres , Matt Martin 1 (Brandon Sutter 1, Zach Bogosian 3) at 4:01
Penalties :
Brad Boyes (Van) for Hooking (Minor) at 1:19
Goalie Stats
Michal Neuvirth (Van), 35 saves from 38 shots - (0.921), OTL, 0-1-1, 64:01 minutes
Robin Lehner (Buf), 26 saves from 28 shots - (0.929), W, 2-0-0, 64:01 minutes
Players Stats for Canucks
Player Name G A P +/- PIM S H SB GA TA FO MP PP MP PK MP
------------------------------------------------------------------------------------
Alex Goligoski 1 0 1 -1 0 4 2 3 0 1 0/0 30:43 5:44 2:00
Ben Lovejoy 0 0 0 -1 2 0 1 0 0 2 0/0 21:05 2:17 1:58
Brad Boyes 0 0 0 1 2 5 1 0 1 1 1/4 26:18 4:39 2:02
Chris Higgins 0 0 0 -1 0 5 0 1 1 0 0/0 19:39 3:15 1:47
Clarke MacArthur 0 1 1 0 0 1 1 0 0 0 0/2 23:44 4:39 1:42
Danny DeKeiser 0 1 1 1 0 0 2 0 0 1 0/0 16:37 5:44 0:00
Darren Helm 0 0 0 1 0 0 0 0 0 0 0/1 6:51 0:00 0:42
Jamie McBain 0 0 0 -1 0 2 4 2 1 1 0/0 27:29 2:17 2:00
Jiri Hudler 0 0 0 -1 0 2 0 0 1 0 0/0 15:55 0:07 0:00
Martins Karsums 0 0 0 0 0 0 1 0 0 0 0/0 4:29 3:15 0:00
Matt Stajan 0 0 0 -1 0 3 1 0 0 0 5/8 15:16 0:07 0:00
Maxim Lapierre 0 0 0 -1 0 0 1 0 1 0 1/4 12:39 0:00 0:00
Mike Ribeiro 0 0 0 0 0 2 0 0 2 0 19/41 25:18 4:39 3:19
Nik Antropov 1 0 1 1 0 1 0 0 0 0 4/6 8:47 3:15 0:45
Peter Prucha 0 0 0 -1 2 0 0 0 0 0 0/0 12:56 0:00 0:00
Ryan Hollweg 0 0 0 -1 0 0 3 0 0 0 0/0 14:47 0:07 0:15
Sami Lepisto 0 0 0 -1 0 2 1 2 0 1 0/0 17:57 0:00 1:18
Shaone Morrisonn 0 1 1 1 0 1 0 0 0 2 0/0 14:16 0:00 3:16
Players Stats for Sabres
Player Name G A P +/- PIM S H SB GA TA FO MP PP MP PK MP
------------------------------------------------------------------------------------
Andrei Loktionov 0 0 0 0 0 1 1 0 2 0 7/11 16:23 2:54 0:00
Brad Richardson 0 1 1 0 2 1 0 2 0 0 1/3 19:58 2:22 0:00
Brandon Sutter 0 1 1 1 0 3 3 0 0 1 3/6 12:50 0:00 2:16
Darcy Hordichuk 0 0 0 0 0 1 1 1 0 0 0/0 10:13 0:00 0:08
Evander Kane 1 0 1 0 0 3 4 0 0 0 0/1 18:28 2:22 2:41
Ilya Kovalchuk 0 1 1 0 0 9 3 0 3 0 5/8 25:38 2:54 5:00
Jakub Kindl 0 0 0 1 0 0 0 0 0 0 0/0 15:34 0:10 3:40
Jared Cowen 0 1 1 1 0 2 2 2 0 0 0/0 24:33 1:44 2:32
Jordan Leopold 0 0 0 0 0 0 1 1 0 0 0/0 21:46 2:37 1:27
Kyle Okposo 0 0 0 1 0 2 0 0 0 0 0/0 9:30 0:00 0:00
Matt Martin 1 0 1 1 0 3 1 0 1 2 1/1 10:42 0:00 1:11
Michael Kostka 0 0 0 0 0 1 2 1 0 0 0/0 12:21 1:14 2:12
Rob Scuderi 0 0 0 0 0 0 3 3 0 1 0/0 25:23 1:44 3:31
Ryan O'Reilly 1 0 1 0 0 2 0 0 1 1 18/32 17:37 0:00 0:00
Scottie Upshall 0 0 0 0 0 1 3 0 0 0 0/1 16:22 2:54 0:00
Vincent Lecavalier 0 0 0 0 0 1 3 0 0 0 1/3 16:59 2:22 4:46
Zach Bogosian 0 2 2 0 4 5 3 1 2 1 0/0 27:28 3:03 2:40
Zack Kassian 0 0 0 0 0 3 4 0 0 1 0/0 10:16 0:00 0:00
3 Stars
1 - Evander Kane (Buf)
2 - Matt Martin (Buf)
3 - Brandon Sutter (Buf)
Power Play
Canucks - 1 on 5 Attempt(s) - 20.00%
Sabres - 1 on 3 Attempt(s) - 33.33%
Penalty Kill
Canucks - 2 on 3 Attempt(s) - 66.67%
- Score 0 goal in Penalty Kill
Sabres - 4 on 5 Attempt(s) - 80.00%
- Score 0 goal in Penalty Kill
Team Stat
Canucks - Hits : 18 - Faceoff Wins : 30 - Blocked Shots : 8 - Penalty Minutes : 6
Sabres - Hits : 34 - Faceoff Wins : 36 - Blocked Shots : 11 - Penalty Minutes : 10
Official
Referees : McCauley Wes and O'Rourke Dan
Linesman : Lyle Seitz and Pierre Champoux
Game Notes
Michael Kostka is injured at 7:59 of 2nd period (Strained Right Elbow)
Finance
Level 1 -- Attendance: 5478 (91.30%) -- Ticket Income $498,498
Level 2 -- Attendance: 5000 (100.00%) -- Ticket Income $285,000
Level 3 -- Attendance: 1974 (98.70%) -- Ticket Income $75,012
Level 4 -- Attendance: 3893 (97.33%) -- Ticket Income $109,004
Luxury Box -- Attendance: 1000 (100.00%) -- Ticket Income $163,000
Game was played at the Duff Garden.
Total Attendance: 17345 (96.36%)
Total Ticket Income: $1,130,514
Other Income: $169,577
Total Income: $1,300,091
Canucks
5 vs 5 Forward
Center Left Wing Right Wing Time % Phy DF OF
1 Mike Ribeiro Clarke MacArthur Brad Boyes 60 0 0 5
2 Matt Stajan Chris Higgins Jiri Hudler 22 0 0 5
3 Maxim Lapierre Ryan Hollweg Peter Prucha 14 0 2 3
4 Nik Antropov Darren Helm Brad Boyes 4 0 3 2
5 vs 5 Defense
Defense Defense Time % Phy DF OF
1 Jamie McBain Alex Goligoski 62 0 0 5
2 Ben Lovejoy Sami Lepisto 20 0 0 5
3 Shaone Morrisonn Danny DeKeiser 12 0 3 2
4 Alex Goligoski Danny DeKeiser 6 0 0 5
PowerPlay Forward
Center Left Wing Right Wing Time % Phy DF OF
1 Mike Ribeiro Clarke MacArthur Brad Boyes 80 0 0 5
2 Nik Antropov Chris Higgins Martins Karsums 20 0 0 5
PowerPlay Defense
Defense Defense Time % Phy DF OF
1 Danny DeKeiser Alex Goligoski 80 0 0 5
2 Ben Lovejoy Jamie McBain 20 0 0 5
Penalty Kill 4 Players Forward
Center Wing Time % Phy DF OF
1 Mike Ribeiro Brad Boyes 60 1 2 2
2 Clarke MacArthur Nik Antropov 40 1 2 2
Penalty Kill 4 Players Defense
Defense Defense Time % Phy DF OF
1 Shaone Morrisonn Ben Lovejoy 60 1 2 2
2 Jamie McBain Alex Goligoski 40 1 2 2
Penalty Kill - 3 Players Forward
Forward Time % Phy DF OF
1 Mike Ribeiro 60 1 2 2
2 Brad Boyes 40 1 2 2
Penalty Kill - 3 Players Defense
Defense Defense Time % Phy DF OF
1 Alex Goligoski Shaone Morrisonn 60 1 2 2
2 Jamie McBain Alex Goligoski 40 1 2 2
4 vs 4 Forward
Center Wing Time % Phy DF OF
1 Mike Ribeiro Brad Boyes 60 0 0 5
2 Clarke MacArthur Nik Antropov 40 1 2 2
4 vs 4 Defense
Defense Defense Time % Phy DF OF
1 Jamie McBain Alex Goligoski 60 0 0 5
2 Ben Lovejoy Alex Goligoski 40 1 2 2
Last Minutes Offensive
Center Left Wing Right Wing Defense Defense
Mike Ribeiro Clarke MacArthur Brad Boyes Alex Goligoski Jamie McBain
Last Minutes Defensive
Center Left Wing Right Wing Defense Defense
Mike Ribeiro Clarke MacArthur Brad Boyes Shaone Morrisonn Alex Goligoski
Goaltenders
Starting : Michal Neuvirth
Backup : Karri Ramo
Extra Forwards
Normal : Matt Stajan, Ryan Hollweg, Clarke MacArthur - PP : Matt Stajan, Ryan Hollweg - PK : Chris Higgins
Extra Defensemen
Normal : Ben Lovejoy, Sami Lepisto, Jamie McBain - PP : Shaone Morrisonn - PK : Sami Lepisto, Jamie McBain
Penalty Shots
Mike Ribeiro, Brad Boyes, Clarke MacArthur, Nik Antropov, Jiri Hudler
Scratches
Jordan LaVallee (Healthy), Stefan Ruzicka (Healthy)
Sabres
5 vs 5 Forward
Center Left Wing Right Wing Time % Phy DF OF
1 Ryan O'Reilly Ilya Kovalchuk Brad Richardson 40 0 2 3
2 Andrei Loktionov Evander Kane Scottie Upshall 30 0 2 3
3 Vincent Lecavalier Darcy Hordichuk Zack Kassian 20 0 2 3
4 Brandon Sutter Matt Martin Kyle Okposo 10 0 2 3
5 vs 5 Defense
Defense Defense Time % Phy DF OF
1 Zach Bogosian Rob Scuderi 40 0 3 2
2 Jared Cowen Michael Kostka 40 0 3 2
3 Jordan Leopold Jakub Kindl 20 0 3 2
4 Zach Bogosian Michael Kostka 0 1 2 2
PowerPlay Forward
Center Left Wing Right Wing Time % Phy DF OF
1 Andrei Loktionov Ilya Kovalchuk Scottie Upshall 55 0 0 5
2 Vincent Lecavalier Evander Kane Brad Richardson 45 0 0 5
PowerPlay Defense
Defense Defense Time % Phy DF OF
1 Zach Bogosian Michael Kostka 55 0 1 4
2 Rob Scuderi Jared Cowen 45 0 2 3
Penalty Kill 4 Players Forward
Center Wing Time % Phy DF OF
1 Ilya Kovalchuk Vincent Lecavalier 60 0 5 0
2 Brandon Sutter Evander Kane 40 0 5 0
Penalty Kill 4 Players Defense
Defense Defense Time % Phy DF OF
1 Zach Bogosian Michael Kostka 60 0 5 0
2 Rob Scuderi Jared Cowen 40 0 5 0
Penalty Kill - 3 Players Forward
Forward Time % Phy DF OF
1 Brandon Sutter 60 0 5 0
2 Ilya Kovalchuk 40 0 5 0
Penalty Kill - 3 Players Defense
Defense Defense Time % Phy DF OF
1 Zach Bogosian Michael Kostka 60 0 5 0
2 Rob Scuderi Jared Cowen 40 0 5 0
4 vs 4 Forward
Center Wing Time % Phy DF OF
1 Ilya Kovalchuk Vincent Lecavalier 60 1 2 2
2 Darcy Hordichuk Evander Kane 40 1 2 2
4 vs 4 Defense
Defense Defense Time % Phy DF OF
1 Zach Bogosian Michael Kostka 60 1 2 2
2 Rob Scuderi Jared Cowen 40 1 2 2
Last Minutes Offensive
Center Left Wing Right Wing Defense Defense
Vincent Lecavalier Ilya Kovalchuk Scottie Upshall Zach Bogosian Michael Kostka
Last Minutes Defensive
Center Left Wing Right Wing Defense Defense
Vincent Lecavalier Ilya Kovalchuk Scottie Upshall Zach Bogosian Michael Kostka
Goaltenders
Starting : Robin Lehner
Backup : Jonas Hiller
Extra Forwards
Normal : Brandon Sutter, Zack Kassian, Matt Martin - PP : Brandon Sutter, Zack Kassian - PK : Matt Martin
Extra Defensemen
Normal : Jordan Leopold, Jakub Kindl, Rob Scuderi - PP : Jordan Leopold - PK : Jakub Kindl, Rob Scuderi
Penalty Shots
Ilya Kovalchuk, Vincent Lecavalier, Darcy Hordichuk, Evander Kane, Scottie Upshall
Scratches
Wade Redden (Healthy)
% Time on Ice - Canucks
Lines # - Real PCT - Wanted PCT - Time Play
Normal Forward
1 - 35% - 60% - 17:56
2 - 30% - 22% - 15:24
3 - 25% - 14% - 12:39
4 - 9% - 4% - 4:45
Normal Defense
1 - 48% - 62% - 24:24
2 - 31% - 20% - 15:54
3 - 20% - 12% - 10:10
4 - 1% - 6% - 0:16
PP Forward
1 - 59% - 80% - 4:46
2 - 41% - 20% - 3:15
PP Defense
1 - 72% - 80% - 5:44
2 - 28% - 20% - 2:17
PK Forward
1 - 86% - 60% - 4:31
2 - 14% - 40% - 0:45
PK Defense
1 - 62% - 60% - 3:16
2 - 38% - 40% - 2:00
PK3 Forward
1 - 0% - 60%
2 - 0% - 40%
PK3 Defense
1 - 0% - 60%
2 - 0% - 40%
44 Forward
1 - 0% - 60%
2 - 0% - 40%
44 Defense
1 - 0% - 60%
2 - 0% - 40%
Last Minute Offensive - 0:00
Last Minute Defensive - 0:00
Total
Forward - 64:01
Defense - 64:01
|
% Time on Ice - Sabres
Lines # - Real PCT - Wanted PCT - Time Play
Normal Forward
1 - 35% - 40% - 17:59
2 - 26% - 30% - 13:23
3 - 20% - 20% - 10:04
4 - 18% - 10% - 9:18
Normal Defense
1 - 38% - 40% - 19:24
2 - 42% - 40% - 21:12
3 - 14% - 20% - 7:02
4 - 6% - 0% - 3:06
PP Forward
1 - 55% - 55% - 2:54
2 - 45% - 45% - 2:22
PP Defense
1 - 67% - 55% - 3:32
2 - 33% - 45% - 1:44
PK Forward
1 - 73% - 60% - 5:50
2 - 27% - 40% - 2:11
PK Defense
1 - 73% - 60% - 5:53
2 - 27% - 40% - 2:08
PK3 Forward
1 - 0% - 60%
2 - 0% - 40%
PK3 Defense
1 - 0% - 60%
2 - 0% - 40%
44 Forward
1 - 0% - 60%
2 - 0% - 40%
44 Defense
1 - 0% - 60%
2 - 0% - 40%
Last Minute Offensive - 0:00
Last Minute Defensive - 0:00
Total
Forward - 64:01
Defense - 64:01
|
Play by Play
1st period
0:01 of 1st period - Ryan O'Reilly wins face-off versus Brad Boyes in neutral zone.
0:14 of 1st period - Slapshot by Brad Richardson.
0:14 of 1st period - Stopped by Michal Neuvirth without a rebound.
0:15 of 1st period - Andrei Loktionov wins face-off versus Matt Stajan in Canucks zone.
0:18 of 1st period - Wrist shot by Scottie Upshall.
0:18 of 1st period - Shot Blocked by Sami Lepisto.
0:20 of 1st period - Slapshot by Jared Cowen.
0:20 of 1st period - Stopped by Michal Neuvirth with a rebound.
0:22 of 1st period - Slapshot by Michael Kostka.
0:22 of 1st period - Deflect By Ben Lovejoy.
0:22 of 1st period - Stopped by Michal Neuvirth with a rebound.
2:27 of 1st period - Snap shot by Ilya Kovalchuk.
2:27 of 1st period - Stopped by Michal Neuvirth with a rebound.
2:29 of 1st period - Slapshot by Zach Bogosian.
2:29 of 1st period - Stopped by Michal Neuvirth with a rebound.
2:37 of 1st period - Minor Penalty to Peter Prucha for Tripping.
2:38 of 1st period - Mike Ribeiro wins face-off versus Andrei Loktionov in Canucks zone.
2:53 of 1st period - Wrist shot by Brad Boyes.
2:53 of 1st period - Shot Misses the Net.
3:37 of 1st period - Mike Ribeiro is hit by Evander Kane.
4:37 of 1st period - Penalty to Peter Prucha is over, Peter Prucha is back on ice.
4:50 of 1st period - Jordan Leopold is hit by Ryan Hollweg.
5:24 of 1st period - Snap shot by Brad Boyes.
5:24 of 1st period - Stopped by Robin Lehner with a rebound.
5:26 of 1st period - Slapshot by Danny DeKeiser.
5:26 of 1st period - Shot Blocked by Darcy Hordichuk.
5:28 of 1st period - Snap shot by Danny DeKeiser.
5:28 of 1st period - Shot Blocked by Jared Cowen.
5:55 of 1st period - Jakub Kindl is hit by Ryan Hollweg and loses puck.
6:34 of 1st period - Jiri Hudler is hit by Zack Kassian and loses puck.
7:22 of 1st period - Shaone Morrisonn is hit by Vincent Lecavalier and loses puck.
7:41 of 1st period - Icing by Ilya Kovalchuk.
7:42 of 1st period - Ryan O'Reilly wins face-off versus Matt Stajan in Sabres zone.
7:59 of 1st period - Snap shot by Clarke MacArthur.
7:59 of 1st period - Shot Misses the Net.
8:19 of 1st period - Snap shot by Matt Martin.
8:19 of 1st period - Stopped by Michal Neuvirth without a rebound.
8:20 of 1st period - Brandon Sutter wins face-off versus Maxim Lapierre in Canucks zone.
9:27 of 1st period - Wrist shot by Kyle Okposo.
9:27 of 1st period - Stopped by Michal Neuvirth without a rebound.
9:28 of 1st period - Mike Ribeiro wins face-off versus Ryan O'Reilly in Canucks zone.
9:33 of 1st period - Snap shot by Brad Boyes.
9:33 of 1st period - Shot Misses the Net.
9:43 of 1st period - Danny DeKeiser is hit by Ilya Kovalchuk.
9:53 of 1st period - Shaone Morrisonn is hit by Scottie Upshall and loses puck.
10:02 of 1st period - Jared Cowen is hit by Alex Goligoski and loses puck.
10:23 of 1st period - Brad Boyes is hit by Darcy Hordichuk and loses puck.
11:47 of 1st period - Backhand shot by Brandon Sutter.
11:47 of 1st period - Shot Blocked by Jamie McBain.
11:59 of 1st period - Jamie McBain is hit by Michael Kostka.
13:35 of 1st period - Brad Boyes is hit by Michael Kostka and loses puck.
13:46 of 1st period - Snap shot by Brandon Sutter.
13:46 of 1st period - Stopped by Michal Neuvirth with a rebound.
13:48 of 1st period - Snap shot by Kyle Okposo.
13:48 of 1st period - Stopped by Michal Neuvirth with a rebound.
14:10 of 1st period - Scottie Upshall is hit by Alex Goligoski and loses puck.
14:19 of 1st period - Peter Prucha is hit by Rob Scuderi.
15:04 of 1st period - Icing by Matt Martin.
15:05 of 1st period - Andrei Loktionov wins face-off versus Nik Antropov in Sabres zone.
16:03 of 1st period - Wrist shot by Jiri Hudler.
16:03 of 1st period - Stopped by Robin Lehner without a rebound.
16:04 of 1st period - Mike Ribeiro wins face-off versus Brandon Sutter in Sabres zone.
16:05 of 1st period - Wrist shot by Brad Boyes.
16:05 of 1st period - Stopped by Robin Lehner without a rebound.
16:06 of 1st period - Mike Ribeiro wins face-off versus Ryan O'Reilly in Sabres zone.
16:11 of 1st period - Slapshot by Mike Ribeiro.
16:11 of 1st period - Stopped by Robin Lehner with a rebound.
17:00 of 1st period - Slapshot by Zach Bogosian.
17:00 of 1st period - Stopped by Michal Neuvirth with a rebound.
17:02 of 1st period - Wrist shot by Kyle Okposo.
17:02 of 1st period - Deflect By Matt Martin.
17:02 of 1st period - Deflect By Alex Goligoski.
17:02 of 1st period - Stopped by Michal Neuvirth without a rebound.
17:03 of 1st period - Ryan O'Reilly wins face-off versus Mike Ribeiro in Canucks zone.
17:55 of 1st period - Slapshot by Zack Kassian.
17:55 of 1st period - Deflect By Vincent Lecavalier.
17:55 of 1st period - Shot Misses the Net.
17:55 of 1st period - Puck is out of play.
17:56 of 1st period - Ryan O'Reilly wins face-off versus Brad Boyes in Canucks zone.
18:01 of 1st period - Slapshot by Ilya Kovalchuk.
18:01 of 1st period - Stopped by Michal Neuvirth without a rebound.
18:02 of 1st period - Ryan O'Reilly wins face-off versus Mike Ribeiro in Canucks zone.
18:37 of 1st period - Clarke MacArthur is hit by Zack Kassian and loses puck.
19:06 of 1st period - Matt Stajan is hit by Zach Bogosian and loses puck.
19:23 of 1st period - Maxim Lapierre is hit by Ilya Kovalchuk.
19:40 of 1st period - Slapshot by Ben Lovejoy.
19:40 of 1st period - Deflect By Nik Antropov.
19:40 of 1st period - Shot Misses the Net.
19:40 of 1st period - Puck is out of play.
19:41 of 1st period - Nik Antropov wins face-off versus Vincent Lecavalier in Sabres zone.
19:46 of 1st period - Wrist shot by Nik Antropov.
19:46 of 1st period - Deflect By Darren Helm.
19:46 of 1st period - Shot Hit the Post.
19:46 of 1st period - Puck is out of play.
19:47 of 1st period - Brad Boyes wins face-off versus Brad Richardson in Sabres zone.
Goals for this period are 0 for Canucks vs 0 for Sabres.
Shots for this period are 4 for Canucks vs 12 for Sabres.
2nd period
0:01 of 2nd period - Ryan O'Reilly wins face-off versus Mike Ribeiro in neutral zone.
0:03 of 2nd period - Off-side.
0:04 of 2nd period - Ryan O'Reilly wins face-off versus Mike Ribeiro in neutral zone.
0:09 of 2nd period - Wrist shot by Ilya Kovalchuk.
0:09 of 2nd period - Stopped by Michal Neuvirth with a rebound.
0:15 of 2nd period - Wrist shot by Ryan O'Reilly.
0:15 of 2nd period - Shot Hit the Post.
0:31 of 2nd period - Slapshot by Andrei Loktionov.
0:31 of 2nd period - Shot Blocked by Jamie McBain.
0:37 of 2nd period - Snap shot by Matt Stajan.
0:37 of 2nd period - Stopped by Robin Lehner without a rebound.
0:38 of 2nd period - Ryan O'Reilly wins face-off versus Mike Ribeiro in Sabres zone.
0:49 of 2nd period - Snap shot by Ryan O'Reilly.
0:49 of 2nd period - Shot Misses the Net.
1:10 of 2nd period - Snap shot by Chris Higgins.
1:10 of 2nd period - Stopped by Robin Lehner without a rebound.
1:10 of 2nd period - Minor Penalty to Robin Lehner for Slashing.
1:11 of 2nd period - Ilya Kovalchuk wins face-off versus Brad Boyes in Sabres zone.
1:20 of 2nd period - Snap shot by Vincent Lecavalier.
1:20 of 2nd period - Deflect By Ilya Kovalchuk.
1:20 of 2nd period - Stopped by Michal Neuvirth without a rebound.
1:21 of 2nd period - Ilya Kovalchuk wins face-off versus Mike Ribeiro in Canucks zone.
1:36 of 2nd period - Wrist shot by Ilya Kovalchuk.
1:36 of 2nd period - Stopped by Michal Neuvirth with a rebound.
1:38 of 2nd period - Wrist shot by Vincent Lecavalier.
1:38 of 2nd period - Stopped by Michal Neuvirth without a rebound.
1:39 of 2nd period - Ilya Kovalchuk wins face-off versus Mike Ribeiro in Canucks zone.
2:14 of 2nd period - Slapshot by Michael Kostka.
2:14 of 2nd period - Deflect By Evander Kane.
2:14 of 2nd period - Stopped by Michal Neuvirth with a rebound.
2:16 of 2nd period - Slapshot by Zach Bogosian.
2:16 of 2nd period - Stopped by Michal Neuvirth without a rebound.
2:17 of 2nd period - Nik Antropov wins face-off versus Brandon Sutter in Canucks zone.
2:24 of 2nd period - Snap shot by Brandon Sutter.
2:24 of 2nd period - Stopped by Michal Neuvirth without a rebound.
2:25 of 2nd period - Mike Ribeiro wins face-off versus Ilya Kovalchuk in Canucks zone.
2:32 of 2nd period - Wrist shot by Brad Boyes.
2:32 of 2nd period - Stopped by Robin Lehner with a rebound.
3:10 of 2nd period - Penalty to Scottie Upshall is over, Scottie Upshall is back on ice.
3:21 of 2nd period - Sami Lepisto is hit by Evander Kane and loses puck.
3:52 of 2nd period - Snap shot by Chris Higgins.
3:52 of 2nd period - Shot Misses the Net.
4:02 of 2nd period - Minor Penalty to Zach Bogosian for Hooking.
4:03 of 2nd period - Mike Ribeiro wins face-off versus Ilya Kovalchuk in Sabres zone.
4:06 of 2nd period - Wrist shot by Brad Boyes.
4:06 of 2nd period - Shot Hit the Post.
4:08 of 2nd period - Slapshot by Alex Goligoski.
4:08 of 2nd period - Deflect By Jared Cowen.
4:08 of 2nd period - Stopped by Robin Lehner with a rebound.
4:10 of 2nd period - Snap shot by Danny DeKeiser.
4:10 of 2nd period - Shot Misses the Net.
4:12 of 2nd period - Snap shot by Clarke MacArthur.
4:12 of 2nd period - Shot Misses the Net.
4:14 of 2nd period - Slapshot by Alex Goligoski.
4:14 of 2nd period - Shot Blocked by Rob Scuderi.
6:02 of 2nd period - Penalty to Zach Bogosian is over, Zach Bogosian is back on ice.
6:20 of 2nd period - Brandon Sutter is hit by Matt Stajan and loses puck.
6:33 of 2nd period - Maxim Lapierre is hit by Rob Scuderi and loses puck.
7:31 of 2nd period - Ryan O'Reilly is hit by Ben Lovejoy and loses puck.
7:49 of 2nd period - Icing by Jordan Leopold.
7:50 of 2nd period - Matt Stajan wins face-off versus Ryan O'Reilly in Sabres zone.
7:53 of 2nd period - Snap shot by Chris Higgins.
7:53 of 2nd period - Stopped by Robin Lehner without a rebound.
7:54 of 2nd period - Matt Stajan wins face-off versus Andrei Loktionov in Sabres zone.
7:57 of 2nd period - Wrist shot by Chris Higgins.
7:57 of 2nd period - Stopped by Robin Lehner with a rebound.
7:59 of 2nd period - Snap shot by Jamie McBain.
7:59 of 2nd period - Shot Blocked by Michael Kostka.
7:59 of 2nd period - Michael Kostka from Sabres is injured at 7:59 of 2nd period (Strained Right Elbow).
8:00 of 2nd period - Mike Ribeiro wins face-off versus Ryan O'Reilly in Sabres zone.
9:03 of 2nd period - Snap shot by Clarke MacArthur.
9:03 of 2nd period - Shot Blocked by Brad Richardson.
9:11 of 2nd period - Wrist shot by Brad Richardson.
9:11 of 2nd period - Shot Misses the Net.
9:13 of 2nd period - Slapshot by Jordan Leopold.
9:13 of 2nd period - Shot Blocked by Alex Goligoski.
9:15 of 2nd period - Slapshot by Ilya Kovalchuk.
9:15 of 2nd period - Stopped by Michal Neuvirth with a rebound.
9:17 of 2nd period - Snap shot by Ryan O'Reilly.
9:17 of 2nd period - Shot Hit the Post.
9:26 of 2nd period - Icing by Jamie McBain.
9:27 of 2nd period - Andrei Loktionov wins face-off versus Mike Ribeiro in Canucks zone.
9:30 of 2nd period - Snap shot by Evander Kane.
9:30 of 2nd period - Shot Misses the Net.
9:38 of 2nd period - Alex Goligoski is hit by Andrei Loktionov.
10:09 of 2nd period - Slapshot by Shaone Morrisonn.
10:09 of 2nd period - Stopped by Robin Lehner with a rebound.
10:11 of 2nd period - Snap shot by Jiri Hudler.
10:11 of 2nd period - Shot Blocked by Rob Scuderi.
11:06 of 2nd period - Ben Lovejoy is hit by Evander Kane.
11:20 of 2nd period - Sami Lepisto is hit by Vincent Lecavalier and loses puck.
11:28 of 2nd period - Icing by Sami Lepisto.
11:29 of 2nd period - Maxim Lapierre wins face-off versus Andrei Loktionov in Canucks zone.
11:29 of 2nd period - Maxim Lapierre is hit by Scottie Upshall.
11:36 of 2nd period - Off-side.
11:37 of 2nd period - Matt Stajan wins face-off versus Ryan O'Reilly in neutral zone.
11:48 of 2nd period - Slapshot by Alex Goligoski.
11:48 of 2nd period - Stopped by Robin Lehner without a rebound.
11:49 of 2nd period - Ryan O'Reilly wins face-off versus Maxim Lapierre in Sabres zone.
11:49 of 2nd period - Ryan O'Reilly is hit by Danny DeKeiser.
12:01 of 2nd period - Slapshot by Ilya Kovalchuk.
12:01 of 2nd period - Stopped by Michal Neuvirth with a rebound.
12:03 of 2nd period - Wrist shot by Ryan O'Reilly.
12:03 of 2nd period - Shot Misses the Net.
12:05 of 2nd period - Snap shot by Ilya Kovalchuk.
12:05 of 2nd period - Shot Misses the Net.
12:15 of 2nd period - Jordan Leopold is hit by Danny DeKeiser and loses puck.
12:44 of 2nd period - Snap shot by Brad Boyes.
12:44 of 2nd period - Stopped by Robin Lehner without a rebound.
12:45 of 2nd period - Mike Ribeiro wins face-off versus Brad Richardson in Sabres zone.
12:50 of 2nd period - Slapshot by Alex Goligoski.
12:50 of 2nd period - Shot Blocked by Jordan Leopold.
13:45 of 2nd period - Icing by Zack Kassian.
13:46 of 2nd period - Mike Ribeiro wins face-off versus Vincent Lecavalier in Sabres zone.
14:05 of 2nd period - Snap shot by Zack Kassian.
14:05 of 2nd period - Stopped by Michal Neuvirth without a rebound.
14:06 of 2nd period - Ryan O'Reilly wins face-off versus Matt Stajan in Canucks zone.
14:09 of 2nd period - Snap shot by Brad Richardson.
14:09 of 2nd period - Deflect By Ryan O'Reilly.
14:09 of 2nd period - Goal by Ryan O'Reilly - Canucks : 0 - Sabres : 1.
14:10 of 2nd period - Ryan O'Reilly wins face-off versus Clarke MacArthur in neutral zone.
14:19 of 2nd period - Wrist shot by Ilya Kovalchuk.
14:19 of 2nd period - Shot Misses the Net.
14:21 of 2nd period - Backhand shot by Ryan O'Reilly.
14:21 of 2nd period - Stopped by Michal Neuvirth with a rebound.
14:41 of 2nd period - Slapshot by Alex Goligoski.
14:41 of 2nd period - Shot Misses the Net.
14:43 of 2nd period - Slapshot by Jamie McBain.
14:43 of 2nd period - Deflect By Matt Stajan.
14:43 of 2nd period - Stopped by Robin Lehner without a rebound.
14:44 of 2nd period - Matt Stajan wins face-off versus Evander Kane in Sabres zone.
14:49 of 2nd period - Wrist shot by Jiri Hudler.
14:49 of 2nd period - Stopped by Robin Lehner with a rebound.
14:51 of 2nd period - Minor Penalty to Zach Bogosian for Hooking.
14:52 of 2nd period - Ilya Kovalchuk wins face-off versus Mike Ribeiro in Sabres zone.
15:19 of 2nd period - Jakub Kindl is hit by Martins Karsums and loses puck.
15:30 of 2nd period - Wrist shot by Chris Higgins.
15:30 of 2nd period - Stopped by Robin Lehner without a rebound.
15:31 of 2nd period - Brandon Sutter wins face-off versus Mike Ribeiro in Sabres zone.
15:44 of 2nd period - Snap shot by Clarke MacArthur.
15:44 of 2nd period - Shot Misses the Net.
16:51 of 2nd period - Penalty to Zach Bogosian is over, Zach Bogosian is back on ice.
17:10 of 2nd period - Andrei Loktionov is hit by Sami Lepisto.
17:52 of 2nd period - Brad Boyes is hit by Jared Cowen.
18:44 of 2nd period - Shaone Morrisonn is hit by Brandon Sutter and loses puck.
19:05 of 2nd period - Matt Stajan is hit by Zach Bogosian.
Goals for this period are 0 for Canucks vs 1 for Sabres.
Shots for this period are 12 for Canucks vs 12 for Sabres.
3rd period
0:01 of 3rd period - Mike Ribeiro wins face-off versus Ryan O'Reilly in neutral zone.
0:32 of 3rd period - Slapshot by Sami Lepisto.
0:32 of 3rd period - Stopped by Robin Lehner with a rebound.
0:34 of 3rd period - Snap shot by Chris Higgins.
0:34 of 3rd period - Shot Misses the Net.
0:36 of 3rd period - Slapshot by Jiri Hudler.
0:36 of 3rd period - Shot Misses the Net.
1:28 of 3rd period - Ryan O'Reilly is hit by Jamie McBain and loses puck.
1:32 of 3rd period - Icing by Jordan Leopold.
1:33 of 3rd period - Nik Antropov wins face-off versus Ryan O'Reilly in Sabres zone.
1:46 of 3rd period - Snap shot by Nik Antropov.
1:46 of 3rd period - Goal by Nik Antropov - Canucks : 1 - Sabres : 1.
1:47 of 3rd period - Mike Ribeiro wins face-off versus Ryan O'Reilly in neutral zone.
1:52 of 3rd period - Slapshot by Jamie McBain.
1:52 of 3rd period - Stopped by Robin Lehner without a rebound.
1:53 of 3rd period - Ryan O'Reilly wins face-off versus Mike Ribeiro in Sabres zone.
2:24 of 3rd period - Wrist shot by Andrei Loktionov.
2:24 of 3rd period - Shot Misses the Net.
2:30 of 3rd period - Slapshot by Evander Kane.
2:30 of 3rd period - Stopped by Michal Neuvirth without a rebound.
2:31 of 3rd period - Ryan O'Reilly wins face-off versus Mike Ribeiro in Canucks zone.
2:43 of 3rd period - Off-side.
2:44 of 3rd period - Ryan O'Reilly wins face-off versus Mike Ribeiro in neutral zone.
3:02 of 3rd period - Minor Penalty to Brad Richardson for High sticking.
3:03 of 3rd period - Mike Ribeiro wins face-off versus Ilya Kovalchuk in Sabres zone.
3:03 of 3rd period - Wrist shot by Clarke MacArthur.
3:03 of 3rd period - Stopped by Robin Lehner with a rebound.
3:05 of 3rd period - Slapshot by Danny DeKeiser.
3:05 of 3rd period - Shot Misses the Net.
3:07 of 3rd period - Slapshot by Alex Goligoski.
3:07 of 3rd period - Goal by Alex Goligoski - Canucks : 2 - Sabres : 1.
3:08 of 3rd period - Mike Ribeiro wins face-off versus Ryan O'Reilly in neutral zone.
3:17 of 3rd period - Wrist shot by Brad Boyes.
3:17 of 3rd period - Shot Misses the Net.
3:19 of 3rd period - Slapshot by Jamie McBain.
3:19 of 3rd period - Shot Misses the Net.
3:21 of 3rd period - Snap shot by Jamie McBain.
3:21 of 3rd period - Shot Blocked by Rob Scuderi.
3:35 of 3rd period - Alex Goligoski is hit by Evander Kane and loses puck.
4:50 of 3rd period - Snap shot by Zack Kassian.
4:50 of 3rd period - Stopped by Michal Neuvirth with a rebound.
4:52 of 3rd period - Wrist shot by Darcy Hordichuk.
4:52 of 3rd period - Shot Misses the Net.
4:54 of 3rd period - Slapshot by Jordan Leopold.
4:54 of 3rd period - Deflect By Darcy Hordichuk.
4:54 of 3rd period - Stopped by Michal Neuvirth without a rebound.
4:55 of 3rd period - Ryan O'Reilly wins face-off versus Mike Ribeiro in Canucks zone.
5:08 of 3rd period - Wrist shot by Ilya Kovalchuk.
5:08 of 3rd period - Stopped by Michal Neuvirth with a rebound.
5:15 of 3rd period - Minor Penalty to Ben Lovejoy for Hooking.
5:16 of 3rd period - Andrei Loktionov wins face-off versus Mike Ribeiro in Canucks zone.
5:16 of 3rd period - Wrist shot by Scottie Upshall.
5:16 of 3rd period - Stopped by Michal Neuvirth with a rebound.
5:32 of 3rd period - Slapshot by Sami Lepisto.
5:32 of 3rd period - Stopped by Robin Lehner without a rebound.
5:33 of 3rd period - Vincent Lecavalier wins face-off versus Mike Ribeiro in Sabres zone.
5:50 of 3rd period - Shaone Morrisonn is hit by Vincent Lecavalier and loses puck.
6:05 of 3rd period - Snap shot by Andrei Loktionov.
6:05 of 3rd period - Stopped by Michal Neuvirth without a rebound.
6:06 of 3rd period - Andrei Loktionov wins face-off versus Mike Ribeiro in Canucks zone.
6:31 of 3rd period - Slapshot by Zach Bogosian.
6:31 of 3rd period - Shot Misses the Net.
6:33 of 3rd period - Wrist shot by Evander Kane.
6:33 of 3rd period - Goal by Evander Kane - Canucks : 2 - Sabres : 2.
6:34 of 3rd period - Ryan O'Reilly wins face-off versus Mike Ribeiro in neutral zone.
6:48 of 3rd period - Icing by Jamie McBain.
6:49 of 3rd period - Mike Ribeiro wins face-off versus Scottie Upshall in Canucks zone.
7:01 of 3rd period - Snap shot by Brad Boyes.
7:01 of 3rd period - Stopped by Robin Lehner with a rebound.
7:03 of 3rd period - Snap shot by Jamie McBain.
7:03 of 3rd period - Stopped by Robin Lehner with a rebound.
7:05 of 3rd period - Slapshot by Mike Ribeiro.
7:05 of 3rd period - Stopped by Robin Lehner without a rebound.
7:05 of 3rd period - Minor Penalty to Robin Lehner for Slashing.
7:06 of 3rd period - Ilya Kovalchuk wins face-off versus Clarke MacArthur in Sabres zone.
7:17 of 3rd period - Wrist shot by Ilya Kovalchuk.
7:17 of 3rd period - Shot Misses the Net.
7:19 of 3rd period - Slapshot by Vincent Lecavalier.
7:19 of 3rd period - Shot Misses the Net.
7:21 of 3rd period - Slapshot by Jakub Kindl.
7:21 of 3rd period - Shot Misses the Net.
8:18 of 3rd period - Icing by Martins Karsums.
8:19 of 3rd period - Matt Martin wins face-off versus Nik Antropov in Canucks zone.
8:22 of 3rd period - Snap shot by Ilya Kovalchuk.
8:22 of 3rd period - Shot Misses the Net.
8:28 of 3rd period - Zach Bogosian is hit by Jamie McBain and loses puck.
8:51 of 3rd period - Evander Kane is hit by Brad Boyes and loses puck.
9:05 of 3rd period - Penalty to Andrei Loktionov is over, Andrei Loktionov is back on ice.
9:31 of 3rd period - Slapshot by Brandon Sutter.
9:31 of 3rd period - Stopped by Michal Neuvirth without a rebound.
9:32 of 3rd period - Matt Stajan wins face-off versus Brandon Sutter in Canucks zone.
9:43 of 3rd period - Snap shot by Brandon Sutter.
9:43 of 3rd period - Shot Blocked by Alex Goligoski.
9:45 of 3rd period - Slapshot by Jordan Leopold.
9:45 of 3rd period - Shot Blocked by Chris Higgins.
9:47 of 3rd period - Wrist shot by Brandon Sutter.
9:47 of 3rd period - Shot Misses the Net.
10:24 of 3rd period - Snap shot by Chris Higgins.
10:24 of 3rd period - Shot Misses the Net.
10:26 of 3rd period - Wrist shot by Jiri Hudler.
10:26 of 3rd period - Shot Misses the Net.
10:28 of 3rd period - Slapshot by Alex Goligoski.
10:28 of 3rd period - Stopped by Robin Lehner with a rebound.
10:50 of 3rd period - Backhand shot by Matt Stajan.
10:50 of 3rd period - Stopped by Robin Lehner without a rebound.
10:51 of 3rd period - Ryan O'Reilly wins face-off versus Mike Ribeiro in Sabres zone.
11:02 of 3rd period - Slapshot by Ilya Kovalchuk.
11:02 of 3rd period - Deflect By Brad Richardson.
11:02 of 3rd period - Shot Misses the Net.
11:02 of 3rd period - Puck is out of play.
11:03 of 3rd period - Brad Richardson wins face-off versus Mike Ribeiro in Canucks zone.
11:14 of 3rd period - Brad Richardson is hit by Clarke MacArthur and loses puck.
11:29 of 3rd period - Zach Bogosian is hit by Maxim Lapierre.
11:54 of 3rd period - Sami Lepisto is hit by Zack Kassian and loses puck.
12:15 of 3rd period - Snap shot by Brad Richardson.
12:15 of 3rd period - Shot Blocked by Sami Lepisto.
13:19 of 3rd period - Icing by Ryan O'Reilly.
13:20 of 3rd period - Nik Antropov wins face-off versus Ryan O'Reilly in Sabres zone.
13:23 of 3rd period - Snap shot by Brad Boyes.
13:23 of 3rd period - Shot Blocked by Zach Bogosian.
13:57 of 3rd period - Slapshot by Alex Goligoski.
13:57 of 3rd period - Shot Misses the Net.
13:59 of 3rd period - Snap shot by Matt Stajan.
13:59 of 3rd period - Deflect By Chris Higgins.
13:59 of 3rd period - Stopped by Robin Lehner with a rebound.
14:03 of 3rd period - Wrist shot by Matt Stajan.
14:03 of 3rd period - Shot Misses the Net.
14:15 of 3rd period - Brad Boyes is hit by Brandon Sutter and loses puck.
14:34 of 3rd period - Ryan O'Reilly is hit by Ryan Hollweg and loses puck.
14:49 of 3rd period - Ben Lovejoy is hit by Scottie Upshall.
15:41 of 3rd period - Alex Goligoski is hit by Jared Cowen.
15:45 of 3rd period - Alex Goligoski is hit by Matt Martin and loses puck.
16:51 of 3rd period - Snap shot by Ilya Kovalchuk.
16:51 of 3rd period - Shot Misses the Net.
17:24 of 3rd period - Shaone Morrisonn is hit by Brandon Sutter.
17:46 of 3rd period - Ryan O'Reilly is hit by Jamie McBain and loses puck.
18:15 of 3rd period - Ben Lovejoy is hit by Ilya Kovalchuk and loses puck.
19:14 of 3rd period - Shaone Morrisonn is hit by Jordan Leopold and loses puck.
19:19 of 3rd period - Wrist shot by Vincent Lecavalier.
19:19 of 3rd period - Shot Misses the Net.
19:21 of 3rd period - Wrist shot by Jordan Leopold.
19:21 of 3rd period - Shot Blocked by Alex Goligoski.
19:23 of 3rd period - Slapshot by Jared Cowen.
19:23 of 3rd period - Deflect By Ryan Hollweg.
19:23 of 3rd period - Stopped by Michal Neuvirth with a rebound.
19:53 of 3rd period - Matt Stajan is hit by Zack Kassian and loses puck.
Goals for this period are 2 for Canucks vs 1 for Sabres.
Shots for this period are 12 for Canucks vs 9 for Sabres.
Overtime #1
0:01 of 1st overtime period - Mike Ribeiro wins face-off versus Ryan O'Reilly in neutral zone.
0:04 of 1st overtime period - Backhand shot by Alex Goligoski.
0:04 of 1st overtime period - Deflect By Clarke MacArthur.
0:04 of 1st overtime period - Shot Misses the Net.
0:04 of 1st overtime period - Puck is out of play.
0:05 of 1st overtime period - Mike Ribeiro wins face-off versus Ryan O'Reilly in Sabres zone.
0:10 of 1st overtime period - Wrist shot by Mike Ribeiro.
0:10 of 1st overtime period - Shot Blocked by Brad Richardson.
0:12 of 1st overtime period - Slapshot by Mike Ribeiro.
0:12 of 1st overtime period - Deflect By Brad Boyes.
0:12 of 1st overtime period - Shot Misses the Net.
0:12 of 1st overtime period - Puck is out of play.
0:13 of 1st overtime period - Ryan O'Reilly wins face-off versus Mike Ribeiro in Sabres zone.
0:18 of 1st overtime period - Clarke MacArthur is hit by Zach Bogosian.
0:19 of 1st overtime period - Icing by Clarke MacArthur.
0:20 of 1st overtime period - Mike Ribeiro wins face-off versus Ryan O'Reilly in Canucks zone.
0:20 of 1st overtime period - Mike Ribeiro is hit by Rob Scuderi.
0:28 of 1st overtime period - Rob Scuderi is hit by Jamie McBain and loses puck.
1:16 of 1st overtime period - Wrist shot by Zack Kassian.
1:16 of 1st overtime period - Stopped by Michal Neuvirth without a rebound.
1:17 of 1st overtime period - Mike Ribeiro wins face-off versus Ryan O'Reilly in Canucks zone.
1:19 of 1st overtime period - Minor Penalty to Brad Boyes for Hooking.
1:20 of 1st overtime period - Andrei Loktionov wins face-off versus Mike Ribeiro in Canucks zone.
1:28 of 1st overtime period - Wrist shot by Zach Bogosian.
1:28 of 1st overtime period - Stopped by Michal Neuvirth with a rebound.
1:30 of 1st overtime period - Wrist shot by Andrei Loktionov.
1:30 of 1st overtime period - Shot Misses the Net.
1:32 of 1st overtime period - Wrist shot by Ilya Kovalchuk.
1:32 of 1st overtime period - Stopped by Michal Neuvirth without a rebound.
1:33 of 1st overtime period - Mike Ribeiro wins face-off versus Andrei Loktionov in Canucks zone.
2:24 of 1st overtime period - Backhand shot by Alex Goligoski.
2:24 of 1st overtime period - Deflect By Darren Helm.
2:24 of 1st overtime period - Shot Blocked by Jared Cowen.
2:24 of 1st overtime period - Puck is out of play.
2:25 of 1st overtime period - Andrei Loktionov wins face-off versus Darren Helm in Sabres zone.
3:19 of 1st overtime period - Penalty to Brad Boyes is over, Brad Boyes is back on ice.
3:27 of 1st overtime period - Slapshot by Zach Bogosian.
3:27 of 1st overtime period - Stopped by Michal Neuvirth without a rebound.
3:28 of 1st overtime period - Brandon Sutter wins face-off versus Maxim Lapierre in Canucks zone.
3:59 of 1st overtime period - Wrist shot by Matt Martin.
3:59 of 1st overtime period - Shot Misses the Net.
4:01 of 1st overtime period - Wrist shot by Matt Martin.
4:01 of 1st overtime period - Goal by Matt Martin - Canucks : 2 - Sabres : 3.
Goals for this period are 0 for Canucks vs 1 for Sabres.
Shots for this period are 0 for Canucks vs 5 for Sabres.
Back to the Top